 Dungeon Crawl Stone Soup version 0.29.1-15-g9cfb28693d (webtiles) character file.

Game seed: 11735116877759304499

37 drjones the Slasher (level 3, -2/27 HPs)
             Began as a Merfolk Gladiator on Apr 9, 2023.
             Succumbed to a goblin's poison
             ... on level 2 of the Dungeon.
             The game lasted 00:03:03 (985 turns).

drjones the Slasher (Merfolk Gladiator)              Turns: 985, Time: 00:03:04

Health: -2/27      AC:  4    Str: 14    XL:     3   Next: 39%
Magic:  3/3        EV: 13    Int:  7    God:
Gold:   46         SH:  0    Dex: 17    Spells: 2/2 levels left

rFire   . . .      SeeInvis .   a - +0 long sword
rCold   . . .      Faith    .   (no shield)
rNeg    . . .      Spirit   .   b - +0 leather armour
rPois   .          Reflect  .   c - +0 helmet
rElec   .          Harm     .   (no cloak)
rCorr   .          Rampage  .   (no gloves)
Will    .....                   (no boots)
Stlth   +.........              (no amulet)
HPRegen 0.09/turn               (no ring)
MPRegen 0.08/turn               (no ring)

@: mighty, lethally poisoned (-2 -> -22)
A: (nimble swimmer 2), mertail
a: no special abilities


You were on level 2 of the Dungeon.
You visited 1 branch of the dungeon, and saw 2 of its levels.

You collected 46 gold pieces.

Inventory:

Hand Weapons
 a - a +0 long sword (weapon)
Missiles
 d - 3 throwing nets (quivered)
 e - a javelin
 j - 4 poisoned darts
Armour
 b - a +0 leather armour (worn)
 c - a +0 helmet (worn)
Scrolls
 f - a scroll of immolation {unknown}
 h - a scroll of identify {unknown}
 k - a scroll of fear {unknown}
 m - a scroll of fog {unknown}
Potions
 g - a potion of flight {unknown}
 i - a potion of might
 l - a potion of brilliance {unknown}
 n - a potion of lignification {unknown}
 o - a potion of degeneration {unknown}


   Skills:
 - Level 2.1 Fighting
 + Level 5.3 Long Blades
 - Level 2.0 Throwing
 - Level 4.0 Dodging


You had 2 spell levels left.
You didn't know any spells.
Your spell library was empty.

Dungeon Overview and Level Annotations

Branches:
Dungeon (2/15)

Altars:


Innate Abilities, Weirdness & Mutations

((You are very nimble when in or above water. (Stealth+, EV+, Speed+++)))
Your lower body shifts to a powerful aquatic tail in water.


Message History

You slash the ball python!
You kill the ball python!
No target in view!
No target in view!
You see here a ball python corpse.
You now have 46 gold pieces (gained 7).
A ball python comes into view.
You closely miss the ball python. The ball python completely misses you.
The ball python barely misses you. The ball python closely misses you.
The ball python grabs you. The ball python constricts you.
You barely miss the ball python.
The ball python bites you but does no damage.
The ball python constricts you.
You closely miss the ball python. The ball python barely misses you.
The ball python constricts you.
You slash the ball python!
You kill the ball python!
No target in view!
o - a clear potion A goblin comes into view.
It is wielding the +8 shortbow of Disharmony {venom, Dex+5}.
Found an escape hatch in the ceiling.
The goblin moves out of view.
The goblin shouts!
The goblin shoots an arrow.
The arrow misses you.
The goblin shoots an arrow.
The arrow hits you.
The goblin shoots an arrow.
The arrow hits you.
You are poisoned.
You feel sick.
The goblin shoots an arrow.
The arrow hits you.
You are lethally poisoned!
You are too injured to fight recklessly!
* * * LOW HITPOINT WARNING * * *
You feel very sick.
The goblin shoots an arrow.
The arrow hits you.
* * * LOW HITPOINT WARNING * * *
You are more poisoned.
* * * LOW HITPOINT WARNING * * *
You feel very sick.
The goblin shoots an arrow.
The arrow barely misses you.
It was a potion of might.
You feel very mighty all of a sudden.
You die...

## .. # #. ### .# ## #.
##... ..# #.. #. #..#
...# .. #. ##.# .<...
.#####.##
###..#####..g..#
.....#..###...#.@......#
)....##.....##..########
#....##..###...##
.......†.###.###
#....###.##..#
#..>..##.#.†##
#.....##...##
#.....##..# #####......


You could see a goblin.

Vanquished Creatures
  A dart slug (D:2)
  4 goblins
  5 hobgoblins
  7 jackals (D:1)
  2 quokkas (D:1)
  4 ball pythons
  3 bats (D:1)
  2 frilled lizards (D:1)
  3 rats (D:1)
31 creatures vanquished.

Notes
Turn   | Place    | Note
-------+----------+-------------------------------------------
     0 | D:1      | drjones the Merfolk Gladiator began the quest for the Orb.
     0 | D:1      | Reached XP level 1. HP: 16/16 MP: 1/1
   122 | D:1      | Reached skill level 4 in Long Blades
   188 | D:1      | Reached XP level 2. HP: 11/22 MP: 2/2
   475 | D:1      | Reached XP level 3. HP: 27/27 MP: 3/3
   517 | D:1      | Reached skill level 5 in Long Blades
   844 | D:2      | Found a faded altar of an unknown god.
   975 | D:2      | Identified the +8 shortbow of Disharmony {venom, Dex+5}
   985 | D:2      | Succumbed to a goblin's poison

Illustrated notes

Levels and vault maps discovered:
D:1:      dpeg_arrival_simpleton_c, layout_basic, st_stairs_9
D:2:      layout_rooms, chequers_ecumenical_altar_simple

Skill      XL: |  1  2  3 |
---------------+----------+-----
Long Blades    | 4 5 |  5.3
Fighting       | |  2.1
Throwing       | |  2.0
Dodging        | |  4.0

Action                   || total
-------------------------++-------
Melee: Long sword        ||    79
       Punch             ||     1
  Use: Potion            ||     1
 Stab: Sleeping          ||     1
Armor: Leather armour    ||    23
Dodge: Dodged            ||    77
